Workbook

Sheet Proposta Comercial
B2: QUADRO RESUMO - PROPOSTA COMERCIAL
B3: GRUPO 1
B4: Item | C4: FUNÇÃO | D4: Quantidade Total de Profissionais | E4: Valor proposto por Profissional | F4: Valor Mensal dos Serviços | G4: Valor Anual dos Serviços
D6: A | E6: B | F6: C = A X B | G6: D = C x 12 meses
B7: 1 | C7: VIGILANTE DESARMADO - 44H | D7: 4 | E7: ='VIGILANTE DESARMADO 44H'!D65 -> 8061.02 | F7: =TRUNC(E7*D7,2) -> 32244.08 | G7: =TRUNC(F7*12,2) -> 386928.96
B8: 2 | C8: VIGILANTE DESARMADO - 15H | D8: 4 | E8: ='VIGILANTE DESARMADO 15H'!D65 -> 3510.21 | F8: =TRUNC(E8*D8,2) -> 14040.84 | G8: =TRUNC(F8*12,2) -> 168490.08
B9: VALOR TOTAL DOS SERVIÇOS | D9: =SUM(D7:D8) -> 8 | E9: - | F9: =SUM(F7:F8) -> 46284.92 | G9: =SUM(G7:G8) -> 555419.04
B13: QUADRO RESUMO - PROPOSTA COMERCIAL
B14: GRUPO 2 - CUSTO FIXO NÃO DISPUTAVEL
B15: Item | C15: DESCRIÇÃO | D15: Quantidade | E15: Valor proposto | F15: Valor Mensal | G15: Valor Anual
D17: A | E17: B | F17: C = A X B | G17: D = C x 12 meses
B18: 1 | C18: Vale Alimentação - Lei nº 5.330, de 17/07/2025 | D18: 8 | E18: 1000 | F18: =TRUNC(E18*D18,2) -> 8000 | G18: =TRUNC(F18*12,2) -> 96000
B19: VALOR TOTAL DOS SERVIÇOS | D19: =SUM(D18) -> 8 | E19: - | F19: =SUM(F18) -> 8000 | G19: =SUM(G18) -> 96000

Sheet VIGILANTE DESARMADO 44H
B2: PLANILHA DE CUSTOS E FORMAÇÃO DE PREÇOS | C2: SALARIO BASE | D2: HORAS
B3: Nº do PROCESSO: | C3: 2395.54 | D3: 44
B4: LICITAÇÃO: PREGÃO ELETRÔNICO N°.
B5: TIPO DE SERVIÇO: VIGILÂNCIA DESARMADA
B6: JORNADA HORÁRIA: 44 horas semanais | 15 horas semanais
B7: CATEGORIA IDENTIFICAÇÃO NA CCT: Vigilante
B8: Descrição | C8: Alíquota Quantitativo ( % ) | D8: Total Mensal ( R$ )
B9: I - MÃO - DE - OBRA
B10: Salário Base | D10: 2395.54
B11: Adicional de periculosidade | C11: 0.3 | D11: =D10*C11 -> 718.662
B12: Outros
B13: REMUNERAÇÃO | D13: =SUM(D10:D12) -> 3114.202
B14: II - ENCARGOS SOCIAIS E TRABALHISTAS (Incidentes sobre o item I - Total da mão de obra)
B15: GRUPO "A"
B16: FGTS | C16: 0.08 | D16: =TRUNC(C16*$D$13,2) -> 249.13
B17: INCRA | C17: 0.002 | D17: =TRUNC(C17*$D$13,2) -> 6.22
B18: INSS | C18: 0.2 | D18: =TRUNC(C18*$D$13,2) -> 622.84
B19: Riscos ambientais do trabalho - RAT | C19: 0.05 | D19: =TRUNC(C19*$D$13,2) -> 155.71
B20: Salário educação | C20: 0.025 | D20: =TRUNC(C20*$D$13,2) -> 77.85
B21: SEBRAE | C21: 0.006 | D21: =TRUNC(C21*$D$13,2) -> 18.68
B22: SENAC/SENAI | C22: 0.01 | D22: =TRUNC(C22*$D$13,2) -> 31.14
B23: SESC/SESI | C23: 0.015 | D23: =TRUNC(C23*$D$13,2) -> 46.71
B24: TOTAL DO GRUPO "A" | C24: =SUM(C16:C23) -> 0.388 | D24: =TRUNC(C24*$D$13,2) -> 1208.31
B25: GRUPO "B"
B26: Férias + 1/3 constitucional | C26: 0.1111 | D26: =TRUNC(C26*$D$13,2) -> 345.98
B27: Auxílio doença | C27: 0.015 | D27: =TRUNC(C27*$D$13,2) -> 46.71
B28: Licença paternidade/maternidade | C28: =(1/30)/12 -> 0.0027777778 | D28: =TRUNC(C28*$D$13,2) -> 8.65
B29: Faltas legais | C29: =(1/30)/12 -> 0.0027777778 | D29: =TRUNC(C29*$D$13,2) -> 8.65
B30: Acidente de trabalho | C30: =(0.5/30)/12 -> 0.0013888889 | D30: =TRUNC(C30*$D$13,2) -> 4.32
B31: Aviso prévio trabalhado | C31: =TRUNC((7/30/12),4) -> 0.0194 | D31: =TRUNC(C31*$D$13,2) -> 60.41
B32: 13º salário | C32: 0.0833 | D32: =TRUNC(C32*$D$13,2) -> 259.41
B33: TOTAL DO GRUPO "B" | C33: =SUM(C26:C32) -> 0.23574444 | D33: =TRUNC(C33*$D$13,2) -> 734.15
B34: GRUPO "C"
B35: Aviso prévio indenizado | C35: =((1/12)*0.03) -> 0.0025 | D35: =TRUNC(C35*$D$13,2) -> 7.78
B36: Indenização adicional | C36: =C35*C16 -> 0.0002 | D36: =TRUNC(C36*$D$13,2) -> 0.62
B37: Indenização (Rescisão sem justa causa) | C37: 0.01 | D37: =TRUNC(C37*$D$13,2) -> 31.14
B38: TOTAL DO GRUPO C | C38: =SUM(C35:C37) -> 0.0127 | D38: =TRUNC(C38*$D$13,2) -> 39.55
B39: GRUPO "D"
B40: Incidência dos encargos do grupo "A" sobre os encargos do grupo "B" | C40: =+C24*C33 -> 0.091468844 | D40: =TRUNC(C40*$D$13,2) -> 284.85
B41: GRUPO "E"
B42: Incidência do encargo FGTS do grupo "A" exclusivamente sobre o item aviso prévio indenizado do grupo "C" | C42: =C38*C16 -> 0.001016 | D42: =TRUNC(C42*$D$13,2) -> 3.16
B43: TOTAL DOS ENCARGOS SOCIAIS E TRABALHISTAS (A+B+C+D+E) | C43: =SUM(C24+C33+C38+C40+C42) -> 0.72892929 | D43: =TRUNC(C43*$D$13,2) -> 2270.03
B44: III - INSUMOS
B45: Vales-transporte | D45: =(3.9*2*22)-D10*6% -> 27.8676
B46: Vales Alimentação | D46: =('Salários e Benefícios'!M5*22)*0.9 -> 530.046
B47: Cartão Cesta Básica | D47: 202.67
B48: Assistência Médica | D48: 146.14
B49: Plano Odontológico | D49: 20.37
B50: Seguro de Vida | D50: 0
B51: Crachá | D51: ='Memória de Cálculo - Uniformes'!E26 -> 2.5
B52: Equipamentos | D52: ='Memória de Cálculo - Uniformes'!E19 -> 30.888889
B53: Uniforme | D53: ='Memória de Cálculo - Uniformes'!E13 -> 170.83333
B54: TOTAL DOS INSUMOS | D54: =TRUNC(SUM(D45:D53),2) -> 1131.31
B55: IV - TOTAL DA MÃO DE OBRA+ENCARGOS SOCIAIS+INSUMOS (I+II+III) | D55: =TRUNC(D13+D43+D54,2) -> 6515.54
B56: V - DESPESAS ADMINISTRATIVAS E OPERACIONAIS (Incidente sobre o item IV) | C56: 0.03 | D56: =TRUNC(C56*$D$55,2) -> 195.46
D57: =TRUNC(D55+D56,2) -> 6711
B58: VII - LUCRO (Incidente sobre o item VI) | C58: 0.03 | D58: =TRUNC(C58*$D$57,2) -> 201.33
B59: VIII - TOTAL DA MÃO-DE-OBRA+ENCARGOS SOCIAIS+INSUMOS+DESPESAS ADMINISTRATIVAS E OPERACIONAIS+LUCRO - (VI + VII ) | D59: =TRUNC(D57+D58,2) -> 6912.33
B60: IX - ENCARGOS TRIBUTÁRIOS - Incidentes sobre a Nota fiscal Fatura
B61: ISSQN | C61: 0.02 | D61: =TRUNC(C61*$D$65,2) -> 161.22
B62: COFINS | C62: 0.03 | D62: =TRUNC(C62*$D$65,2) -> 241.83
B63: PIS | C63: 0.0065 | D63: =TRUNC(C63*$D$65,2) -> 52.39
B64: TOTAL DOS ENCARGOS TRIBUTÁRIOS | C64: =SUM(C61:C63) -> 0.0565 | D64: =TRUNC(C64*$D$65,2) -> 455.44
B65: X - TOTAL GLOBAL MENSAL UNITÁRIO | D65: =TRUNC((D59)/((100-14.25)/(100)),2) -> 8061.02

Sheet VIGILANTE DESARMADO 15H
B2: PLANILHA DE CUSTOS E FORMAÇÃO DE PREÇOS | C2: SALARIO BASE | D2: HORAS
B3: Nº do PROCESSO: | C3: 2395.54 | D3: 44
B4: LICITAÇÃO: PREGÃO ELETRÔNICO N°. | C4: =C3*D4/D3 -> 816.66136 | D4: 15
B5: TIPO DE SERVIÇO: VIGILÂNCIA DESARMADA
B6: JORNADA HORÁRIA: 15 horas semanais
B7: CATEGORIA IDENTIFICAÇÃO NA CCT: Demais Funções
B8: Descrição | C8: Alíquota Quantitativo ( % ) | D8: Total Mensal ( R$ )
B9: I - MÃO - DE - OBRA
B10: Salário Base | D10: =C4 -> 816.66136
B11: Adicional de periculosidade | C11: 0.3 | D11: =C4*C11 -> 244.99841
B12: Outros
B13: REMUNERAÇÃO | D13: =SUM(D10:D11) -> 1061.6598
B14: II - ENCARGOS SOCIAIS E TRABALHISTAS (Incidentes sobre o item I - Total da mão de obra)
B15: GRUPO "A"
B16: FGTS | C16: 0.08 | D16: =TRUNC(C16*$D$13,2) -> 84.93
B17: INCRA | C17: 0.002 | D17: =TRUNC(C17*$D$13,2) -> 2.12
B18: INSS | C18: 0.2 | D18: =TRUNC(C18*$D$13,2) -> 212.33
B19: Riscos ambientais do trabalho - RAT | C19: 0.05 | D19: =TRUNC(C19*$D$13,2) -> 53.08
B20: Salário educação | C20: 0.025 | D20: =TRUNC(C20*$D$13,2) -> 26.54
B21: SEBRAE | C21: 0.006 | D21: =TRUNC(C21*$D$13,2) -> 6.36
B22: SENAC/SENAI | C22: 0.01 | D22: =TRUNC(C22*$D$13,2) -> 10.61
B23: SESC/SESI | C23: 0.015 | D23: =TRUNC(C23*$D$13,2) -> 15.92
B24: TOTAL DO GRUPO "A" | C24: =SUM(C16:C23) -> 0.388 | D24: =TRUNC(C24*$D$13,2) -> 411.92
B25: GRUPO "B"
B26: Férias + 1/3 constitucional | C26: 0.1111 | D26: =TRUNC(C26*$D$13,2) -> 117.95
B27: Auxílio doença | C27: 0.015 | D27: =TRUNC(C27*$D$13,2) -> 15.92
B28: Licença paternidade/maternidade | C28: =(1/30)/12 -> 0.0027777778 | D28: =TRUNC(C28*$D$13,2) -> 2.94
B29: Faltas legais | C29: =(1/30)/12 -> 0.0027777778 | D29: =TRUNC(C29*$D$13,2) -> 2.94
B30: Acidente de trabalho | C30: =(0.5/30)/12 -> 0.0013888889 | D30: =TRUNC(C30*$D$13,2) -> 1.47
B31: Aviso prévio trabalhado | C31: =TRUNC((7/30/12),4) -> 0.0194 | D31: =TRUNC(C31*$D$13,2) -> 20.59
B32: 13º salário | C32: 0.0833 | D32: =TRUNC(C32*$D$13,2) -> 88.43
B33: TOTAL DO GRUPO "B" | C33: =SUM(C26:C32) -> 0.23574444 | D33: =TRUNC(C33*$D$13,2) -> 250.28
B34: GRUPO "C"
B35: Aviso prévio indenizado | C35: =((1/12)*0.03) -> 0.0025 | D35: =TRUNC(C35*$D$13,2) -> 2.65
B36: Indenização adicional | C36: =C35*C16 -> 0.0002 | D36: =TRUNC(C36*$D$13,2) -> 0.21
B37: Indenização (Rescisão sem justa causa) | C37: 0.01 | D37: =TRUNC(C37*$D$13,2) -> 10.61
B38: TOTAL DO GRUPO C | C38: =SUM(C35:C37) -> 0.0127 | D38: =TRUNC(C38*$D$13,2) -> 13.48
B39: GRUPO "D"
B40: Incidência dos encargos do grupo "A" sobre os encargos do grupo "B" | C40: =+C24*C33 -> 0.091468844 | D40: =TRUNC(C40*$D$13,2) -> 97.1
B41: GRUPO "E"
B42: Incidência do encargo FGTS do grupo "A" exclusivamente sobre o item aviso prévio indenizado do grupo "C" | C42: =C38*C16 -> 0.001016 | D42: =TRUNC(C42*$D$13,2) -> 1.07
B43: TOTAL DOS ENCARGOS SOCIAIS E TRABALHISTAS (A+B+C+D+E) | C43: =SUM(C24+C33+C38+C40) -> 0.72791329 | D43: =TRUNC(C43*$D$13,2) -> 772.79
B44: III - INSUMOS
B45: Vales-transporte | D45: =(3.9*2*15)-D10*6% -> 68.000318
B46: Vales Alimentação | D46: =('Salários e Benefícios'!M6*15)*0.9 -> 361.395
B47: Cartão Cesta Básica | D47: 202.67
B48: Assistência Médica | D48: 146.14
B49: Plano Odontológico | D49: 20.37
B50: Seguro de Vida | D50: 0
B51: Crachá | D51: ='Memória de Cálculo - Uniformes'!E26 -> 2.5
B52: Equipamentos | D52: ='Memória de Cálculo - Uniformes'!E19 -> 30.888889
B53: Uniforme | D53: ='Memória de Cálculo - Uniformes'!E13 -> 170.83333
B54: TOTAL DOS INSUMOS | D54: =TRUNC(SUM(D45:D53),2) -> 1002.79
B55: IV - TOTAL DA MÃO DE OBRA+ENCARGOS SOCIAIS+INSUMOS (I+II+III) | D55: =TRUNC(D13+D43+D54,2) -> 2837.23
B56: V - DESPESAS ADMINISTRATIVAS E OPERACIONAIS (Incidente sobre o item IV) | C56: 0.03 | D56: =TRUNC(C56*$D$55,2) -> 85.11
B57: VI - TOTAL DA MÃO DE OBRA+ENCARGOS SOCIAIS+INSUMOS+DESPESAS ADMINISTRATIVAS E OPERACIONAIS - (IV+V) | D57: =TRUNC(D55+D56,2) -> 2922.34
B58: VII - LUCRO (Incidente sobre o item VI) | C58: 0.03 | D58: =TRUNC(C58*$D$57,2) -> 87.67
B59: VIII - TOTAL DA MÃO-DE-OBRA+ENCARGOS SOCIAIS+INSUMOS+DESPESAS ADMINISTRATIVAS E OPERACIONAIS+LUCRO - (VI + VII ) | D59: =TRUNC(D57+D58,2) -> 3010.01
B60: IX - ENCARGOS TRIBUTÁRIOS - Incidentes sobre a Nota fiscal Fatura
B61: ISSQN | C61: 0.02 | D61: =TRUNC(C61*$D$65,2) -> 70.2
B62: COFINS | C62: 0.03 | D62: =TRUNC(C62*$D$65,2) -> 105.3
B63: PIS | C63: 0.0065 | D63: =TRUNC(C63*$D$65,2) -> 22.81
B64: TOTAL DOS ENCARGOS TRIBUTÁRIOS | C64: =SUM(C61:C63) -> 0.0565 | D64: =TRUNC(C64*$D$65,2) -> 198.32
B65: X - TOTAL GLOBAL MENSAL UNITÁRIO | D65: =TRUNC((D59)/((100-14.25)/(100)),2) -> 3510.21

Sheet Salários e Benefícios
A1: 26.77
B2: QUADRO DE SALÁRIOS E BENEFÍCIOS
B4: CATEGORIA PROFISSIONAL | C4: JORNADA | D4: CBO | E4: QUANTIDADE | F4: CONVENÇÃO COLETIVA REFERENCIAL | H4: CONVENÇÃO COLETIVA | I4: SALÁRIO NORMATIVO | J4: CARGA HORÁRIA SEMANAL | K4: SALÁRIO PROPORCIONAL | L4: VALE TRANSPORTE | M4: VALE ALIMENTAÇÃO
B5: VIGILANTE DESARMADO | C5: 44h semanais | D5: 5173 | E5: ='Proposta Comercial'!D7 -> 4 | F5: REGISTRO MTE MG000079/2025 | H5: MG002209/2019 | I5: 2395.54 | J5: 44 Horas | K5: =TRUNC(I5/44*44,2) -> 2395.54 | L5: 3.9 | M5: 26.77
B6: VIGILANTE DESARMADO | C6: 15h semanais | D6: 5173 | E6: 4 | I6: 2395.54 | J6: 15 Horas | K6: =TRUNC(I6/44*15,2) -> 816.66 | M6: 26.77
E7: =SUM(E5:E6) -> 8

Sheet Memória de Cálculo - Uniformes
B2: UNIFORMES
B3: Descrição | C3: Quantidade Anual | D3: Custo Unitário | E3: Valor total
B4: Calças Rip Stop Tática, com bolsos laterais nas pernas e traseiros | C4: 2 | D4: 124 | E4: =C4*D4 -> 248
B5: Camisa de manga curta, com bolso e silk da empresa, preferencialmente em oxford 150gm² | C5: 2 | D5: 53 | E5: =C5*D5 -> 106
B6: Camisa de manga longa, com bolso e silk da empresa, preferencialmente em oxford 150gm² | C6: 2 | D6: 145 | E6: =C6*D6 -> 290
B7: Jaqueta de frio ou japona com silk da empresa | C7: 1 | D7: 95 | E7: =C7*D7 -> 95
B8: Coturnos, com Certificado de Aprovação (CA) Inmetro. | C8: 1 | D8: 150 | E8: =C8*D8 -> 150
B9: Meias pretas algodão | C9: 2 | D9: 45 | E9: =C9*D9 -> 90
B10: Quepe com emblema da empresa | C10: 1 | D10: 25 | E10: =C10*D10 -> 25
B11: Porta cassetete | C11: 1 | D11: 21 | E11: =C11*D11 -> 21
B12: VALOR ANUAL | E12: =SUM(E4:E11) -> 1025
B13: VALOR MENSAL MÉDIO (Valor Anual ÷ 12 Meses) | E13: =E12/6 -> 170.83333
B15: EQUIPAMENTOS
B16: Descrição | C16: Quantidade Anual | D16: Custo Unitário | E16: Valor total
B17: Cassetete de borracha | C17: 1 | D17: =(29/2) -> 14.5 | E17: =D17*C17 -> 14.5
B18: VALOR ANUAL | E18: =SUM(E13:E17) -> 185.33333
B19: VALOR MENSAL MÉDIO (Valor Anual ÷ 12 Meses) | E19: =E18/6 -> 30.888889
B22: CRACHÁ
B23: Descrição | C23: Quantidade Anual | D23: Custo Unitário | E23: Valor total
B24: Crachá cartão | C24: 1 | D24: 15 | E24: =C24*D24 -> 15
B25: VALOR ANUAL | E25: =SUM(E24) -> 15
B26: VALOR MENSAL MÉDIO (Valor Anual ÷ 12 Meses) | E26: =E25/6 -> 2.5
